 Dungeon Crawl Stone Soup version 0.32-a0-543-gefe97123c3 (webtiles) character file.

Game seed: 1112108406649970557

55 GordonOverkill the Sneak (level 3, -4/22 HPs)
             Began as a Deep Elf Delver on Feb 29, 2024.
             Killed by nerve-wracking pain
             ... invoked by Jessica
              (5 damage)
             ... on level 2 of the Dungeon.
             The game lasted 00:04:27 (1691 turns).

GordonOverkill the Sneak (Deep Elf Delver)          Turns: 1691, Time: 00:04:28

Health: -4/22      AC:  6    Str:  9    XL:     3   Next: 67%
Magic:  5/5        EV: 12    Int: 16    God:
Gold:   114        SH:  0    Dex: 16    Spells: 2/2 levels left

rFire   + . .        a - +0 spear
rCold   . . .        (no shield)
rNeg    . . .        h - +0 robe
rPois   .            (no helmet)
rElec   .            (no cloak)
rCorr   .            (no gloves)
SInv    .            (no boots)
Will    .....        (no amulet)
Stlth   +++          q - +4 ring of protection
HPRegen 0.23/turn    t - ring of protection from fire
MPRegen 0.09/turn

%: no passive effects
@: hasted and slowed
A: no striking features
a: no special abilities


You were on level 2 of the Dungeon.
You visited 1 branch of the dungeon, and saw 7 of its levels.

You collected 114 gold pieces.

Inventory:

Hand Weapons
 a - a +0 spear (weapon)
Armour
 b - a +0 leather armour
 h - a +0 robe (worn)
 n - a +1 hat
Jewellery
 q - a +4 ring of protection (left hand)
 t - a ring of protection from fire (right hand)
Wands
 g - a wand of digging (3)
Scrolls
 c - a scroll of fog
 d - a scroll of revelation
 e - 3 scrolls of identify {unknown}
 i - a scroll of amnesia {unknown}
 j - 2 scrolls of enchant weapon {unknown}
 l - a scroll of blinking {unknown}
 p - a scroll of noise {unknown}
Potions
 k - 4 potions of ambrosia {unknown}
 m - a potion of lignification {unknown}
 o - a potion of cancellation {unknown}
 r - a potion of brilliance {unknown}
 s - a potion of heal wounds {unknown}


   Skills:
 - Level 2.4 Fighting
 - Level 1.3 Polearms
 - Level 2.4 Dodging
 - Level 6.0 Stealth
 + Level 2.5 Summonings
 + Level 2.5 Ice Magic


You had 2 spell levels left.
You didn't know any spells.
Your spell library contained the following spells:

 Spells                   Type           Power      Damage    Failure   Level
 Summon Ice Beast         Ice/Summ       8%         N/A       26%         3
 Hailstorm                Conj/Ice       4%         3d5       41%         3
 Sculpt Simulacrum        Ice/Alch       2%         N/A       100%        6


Dungeon Overview and Level Annotations

Branches:
Dungeon (7/15)
 Temple: D:4-7

Altars:
Okawaru

Shops:
D:1 [

Annotations:
D:2 Jessica


Message History

Jessica is severely wounded.
Jessica completely misses you. Jessica closely misses you.
You closely miss Jessica.
Jessica is severely wounded.
Jessica casts a spell.
Jessica blinks!
Jessica casts a spell.
Jessica blinks!
Jessica mumbles some strange words.
Jessica blinks!
Jessica casts a spell at you.
You feel yourself slow down.
You closely miss Jessica.
Jessica is severely wounded.
Jessica points at you and mumbles some strange words.
You barely resist. Jessica hits you with a +0 club.
You are too injured to fight recklessly!
You are too injured to fight recklessly!
You are too injured to fight recklessly!
You completely miss Jessica.
Jessica is severely wounded.
Jessica shouts, "You're disturbing me!
I'll have to kill you!" Jessica closely misses you.
You hit Jessica but do no damage.
Jessica is severely wounded.
Jessica misses you.
Jessica points at you and mumbles some strange words.
Pain shoots through your body!
Ouch! That really hurt!
* * * LOW HITPOINT WARNING * * *
You barely miss Jessica.
Jessica is severely wounded.
Jessica hits you with a +0 club.
* * * LOW HITPOINT WARNING * * *
Okay, then.
Okay, then.
You feel yourself speed up. Jessica barely misses you.
Jessica gestures at you while chanting. Pain shoots through your body!
You die...

#..........# #..≈ #..
##########..........# #..≈###.
#...................# #..≈#...
#........>..........# #..≈##..
#......<........†...# #...#.#.
#....†....#......?..## #....###
#....................#####....#≈≈
#...............@...........#..≈≈
................@...##...##.#....
#.........................#......
#...................####...##.###
...................## ###........
.........#####...##..###
........................
.........#####...###....
..####.....##....###.#.. #.
#...#........##.#.#


You could see Jessica.

Vanquished Creatures
  3 dart slugs
  4 orcs (D:4)
  4 ball pythons
  3 bats
  5 endoplasms
  7 goblins
  6 hobgoblins
  A frilled lizard (D:2)
  5 kobolds
  A rat (D:1)
39 creatures vanquished.

Notes
Turn   | Place    | Note
-------+----------+-------------------------------------------
     0 | D:5      | GordonOverkill the Deep Elf Delver began the quest for the
                  | Orb.
     0 | D:5      | Reached XP level 1. HP: 13/13 MP: 3/3
    14 | D:6      | Noticed a sleepcap
    84 | D:7      | Noticed a gnoll sergeant
   168 | D:5      | Noticed an iguana
   194 | D:4      | Found an iron altar of Okawaru.
   224 | D:4      | Reached skill level 1 in Summonings
   224 | D:4      | Reached skill level 1 in Ice Magic
   244 | D:4      | Reached XP level 2. HP: 18/18 MP: 4/4
   338 | D:4      | Noticed a bombardier beetle
   654 | D:2      | Reached XP level 3. HP: 22/22 MP: 5/5
   750 | D:2      | Found a faded altar of an unknown god.
  1431 | D:1      | Found Davveag's Antique Armour Shoppe.
  1668 | D:2      | Noticed Jessica
  1690 | D:2      | HP: 1/22 [Jessica/+0 club (2)]
  1691 | D:2      | Killed from afar by Jessica

Illustrated notes

Levels and vault maps discovered:
D:1:      psy_arrival_statuary, layout_loops_cross, serial_shops,
          nicolae_shop_trees
D:2:      layout_rooms, ebering_ecumenical_altar_abandoned,
          grunt_decor_junction, uniq_crazy_yiuf_cottage, uniq_jessica
D:3:      layout_rooms
D:4:      layout_basic, okawaru_altar_gauntlet_db
D:5:      wad_lake_hut, layout_basic
D:6:      layout_layer_cave, nicolae_overflow_hallway_of_the_gods, uniq_edmund,
          uniq_menkaure, uniq_grinder
D:7:      layout_basic, lemuel_coloured_pillars_altar, minmay_temple_entry_grid,
          uniq_pikel, uniq_jeremiah, uniq_maggie

Skill      XL: |  1  2 |
---------------+-------+-----
Summonings     | 1 2 |  2.5
Ice Magic      | 1 2 |  2.5
Fighting       | |  2.4
Polearms       | |  1.3
Dodging        | |  2.4
Stealth        | |  6.0

Action                     || total
---------------------------++-------
  Melee: Spear             ||   204
    Use: Scroll            ||     1
         Potion            ||     1
   Stab: Sleeping          ||     9
         Distracted        ||     3
 Armour: Leather armour    ||    70
         Robe              ||    19
  Dodge: Dodged            ||   101

Table legend: (Time is in decaauts)
 A = Elapsed time spent in this place.
 B = Non-inter-level travel time spent in this place.
 C = Inter-level travel time spent in this place.
 D = Time resting spent in this place.
 E = Time spent auto-exploring this place.
 F = Levels seen in this place.
 G = Mean time per level.
                   A        B        C        D        E       F      G
               +--------+--------+--------+--------+--------+-----+--------+
         Total |   1701 |   1670 |     31 |    280 |    663 |   7 |  243.0 |
       Dungeon |   1701 |   1670 |     31 |    280 |    663 |   7 |  243.0 |
               +--------+--------+--------+--------+--------+-----+--------+

Top non-repeatable levels by time:
     D:1: 864 daAuts
     D:3: 293 daAuts
     D:2: 197 daAuts
     D:4: 160 daAuts
     D:6: 72 daAuts
     D:7: 65 daAuts
     D:5: 47 daAuts
